 Dungeon Crawl Stone Soup version 0.22-a0-553-g9358b0b (webtiles) character file.

40 kae the Insei (level 3, -2/28 HPs)
             Began as a Demigod Transmuter on June 25, 2018.
             Slain by an adder (4 damage)
             ... on level 2 of the Dungeon.
             The game lasted 00:02:00 (1831 turns).

kae the Insei (Demigod Transmuter)                  Turns: 1831, Time: 00:02:00

Health: -2/28      AC:  2    Str: 13    XL:     3   Next: 14%
Magic:  1/8        EV: 12    Int: 22    God:
Gold:   15         SH:  0    Dex: 18    Spells: 3/6 levels left

rFire    . . .     SeeInvis .     - Unarmed
rCold    . . .     Gourm    .   (no shield)
rNeg     . . .     Faith    .   b - +0 robe
rPois    .         Spirit   .   (no helmet)
rElec    .         Reflect  .   (no cloak)
rCorr    .         Harm     .   (no gloves)
MR       .....                  (no boots)
Stlth    ++........             (no amulet)
HPRegen  0.09/turn              (no ring)
MPRegen  0.11/turn              (no ring)

@: brilliant, lethally poisoned (-2 -> -5), very slightly contaminated
A: high mp 1
a: no special abilities


You were on level 2 of the Dungeon.
You were near starving.

You visited 1 branch of the dungeon, and saw 2 of its levels.

You collected 15 gold pieces.

Inventory:

Missiles
 a - 22 arrows
Armour
 b - a +0 robe (worn)
Scrolls
 c - a scroll of random uselessness {unknown}
 f - 2 scrolls of identify
Comestibles
 d - 3 rations


   Skills:
 + Level 1.4 Fighting
 - Level 1.7 Dodging
 * Level 3.2 Unarmed Combat
 + Level 2.0 Spellcasting
 * Level 2.4 Transmutations


You had 3 spell levels left.
You knew the following spells:

 Your Spells              Type           Power        Failure   Level  Hunger
a - Beastly Appendage     Tmut           ####..       1%          1    #......
b - Sticks to Snakes      Tmut           ####....     1%          2    ##.....

Your spell library contained the following spells:

 Spells                   Type           Power        Failure   Level  Hunger
 Spider Form              Tmut/Pois      ###.......   3%          3    ###....
 Blade Hands              Tmut           ####......   14%         5    ######.
 Ice Form                 Ice/Tmut       ###.....     10%         4    #####..


Dungeon Overview and Level Annotations

Branches:
Dungeon (2/15)

Annotations:
D:2 Sigmund


Innate Abilities, Weirdness & Mutations

You have an increased reservoir of magic. (+10% MP)


Message History

Your ball python dies!
You hit the adder.
The adder is moderately wounded.
The adder bites you.
* * * LOW HITPOINT WARNING * * *
The adder bites you.
* * * LOW HITPOINT WARNING * * *
The adder barely misses you.
Casting: Sticks to Snakes (safe; 11% risk of failure)
Confirm with . or Enter, or press ? or * to list all spells.
You miscast Sticks to Snakes.
You are very lightly contaminated with residual magic.
Your skin tingles.
You are near starving!
* * * LOW HITPOINT WARNING * * *
You feel sick. The adder bites you but does no damage.
The adder closely misses you.
You feel clever all of a sudden. The adder barely misses you.
The adder bites you.
You die...

.##.##.#### #'#
.##..#...r# #.#
.....#..#.# #.#
####....# # #.#
#.......# # #.#
'.#.#..##.# #.#
###O##>...###
#.#
..#.........#
#S#
#########.#.#
#@#### + .# ..
#.S..# # #
####.# # #.# #
#####.###
#.......##
#######(###....#
#.......#......#
#.#...###.####.#


You could see 2 adders.

Vanquished Creatures
  An ooze (D:1)
  A dart slug (D:1)
  A leopard gecko (D:1)
  5 bats (D:1)
  3 goblins (D:1)
  6 hobgoblins (D:1)
  3 jackals (D:1)
  2 kobolds (D:1)
  A ball python (D:1)
  4 frilled lizards (D:1)
  2 rats (D:1)
29 creatures vanquished.

Vanquished Creatures (collateral kills)
  A ball python (D:1)
  A giant cockroach (D:1)
  A bat (D:1)
3 creatures vanquished.

Vanquished Creatures (others)
  A hobgoblin (D:2)
1 creature vanquished.

Grand Total: 33 creatures vanquished

Notes
Turn   | Place    | Note
-------+----------+-------------------------------------------
     0 | D:1      | kae the Demigod Transmuter began the quest for the Orb.
     0 | D:1      | Reached XP level 1. HP: 15/15 MP: 5/5
    19 | D:1      | Reached skill level 1 in Fighting
   400 | D:1      | Reached XP level 2. HP: 7/23 MP: 5/7
   532 | D:1      | Learned a level 2 spell: Sticks to Snakes
   545 | D:1      | Reached skill level 3 in Unarmed Combat
  1155 | D:1      | Reached XP level 3. HP: 28/28 MP: 6/8
  1566 | D:2      | Noticed Sigmund
  1622 | D:2      | Noticed an ogre
  1831 | D:2      | Slain by an adder

Vault maps used:
D:1:      ncdulo_lavacross, minmay_quantized
D:2:      grunt_temple_overflow_holy_war, uniq_jessica, uniq_sigmund

Skill      XL: |  1  2 |
---------------+-------+-----
Fighting       | 1 |  1.4
Transmutations | 2 |  2.4
Unarmed Combat | 3 |  3.2
Spellcasting   | 2 |  2.0
Dodging        | |  1.7

Action                   || total
-------------------------++-------
Melee: Unarmed           ||    93
       Kick              ||     5
       Headbutt          ||     5
 Cast: Beastly Appendage ||    14
       Sticks to Snakes  ||     6
  Use: Scroll            ||     3
       Potion            ||     1
 Stab: Sleeping          ||     1
  Eat: Chunk             ||     2
Armor: Robe              ||    35
Dodge: Dodged            ||    89

Table legend:
 A = Spawn XP
 B = Non-spawn XP
 C = Spawn XP percentage of total XP
 D = Spawn monster count
 E = Non-spawn monster count
 F = Spawn count percentage of total count
 G = Total turns spent on level
                    A         B        C        D         E        F      G
               +---------+---------+-------+---------+---------+-------+---------
         Total |       0 |      58 |   0.0 |       0 |      32 |   0.0 |  1831
               +---------+---------+-------+---------+---------+-------+---------
           D:1 |       0 |      58 |   0.0 |       0 |      32 |   0.0 |  1706
               +---------+---------+-------+---------+---------+-------+---------
